[Event "*** Titled Tuesday Blitz"]
[Site "Chess.com"]
[Date "2020.01.07"]
[Round "9"]
[White "ChessSkool"]
[Black "chigorin28"]
[Result "1-0"]
[WhiteElo "2689"]
[BlackElo "2480"]
[TimeControl "180+2"]
[EndTime "15:06:42 PST"]
[Termination "ChessSkool won by resignation"]

1. d4 Nf6 2. c4 c5 3. d5 b5 4.
cxb5 a6 5. bxa6 Bxa6 6. Nc3 g6 7. Nf3 Bg7 8. e4 Bxf1 9. Kxf1 d6 10. g3 O-O 11.
Kg2 Nbd7 12. a4 Qb6 13. Qc2 Rfb8 14. Ra3 Ng4 15. Nb5 c4 16. Rf1 Rc8 17. h3 Nge5 18. Be3 Qb7 19. Nfd4 Nc5 20. f4 Ned3 21. Qxc4 Nxb2 22.
Qe2 Nbxa4 23. Bg1 e5 24. Nc6 exf4 25. Nxd6 f3+ 26. Raxf3 Qc7 27. Nxc8 Qxc8 28. Ne7+ 1-0

[Event "*** Titled Tuesday Blitz"]
[Site "Chess.com"]
[Date "2020.01.07"]
[Round "9"]
[White "vugarrasulov"]
[Black "Kimster98"]
[Result "1/2-1/2"]
[WhiteElo "2826"]
[BlackElo "2604"]
[TimeControl "180+2"]
[EndTime "15:06:44 PST"]
[Termination "Game drawn by repetition"]

1. Nf3 d5 2. g3 Nf6 3. Bg2 c5 4.
O-O Nc6 5. d4 cxd4 6. Nxd4 e5 7.
Nxc6 bxc6 8. c4 Be6 9. cxd5 cxd5 10. Nc3 Rc8 11. Bg5 d4 12. Ne4 Be7 13. Bxf6 gxf6 14.
Rc1 O-O 15. f4 f5 16. Rxc8 Qxc8 17. Ng5 Bxg5 18. fxg5 f6 19. Qd2 Qd8 20. gxf6 Qxf6 21. e4 f4 22. gxf4 exf4 23. Bf3 Qe5 24. Kh1 Kh8 25.
a3 Rc8 26. Bg2 Rf8 27. a4 Bg4 28. h3 f3 29. hxg4 fxg2+ 30. Qxg2 Rxf1+ 31. Qxf1 Qxe4+ 32. Kh2 Kg7 33. Kg3 d3 34. Qc1 Qe5+ 35. Kh3 Qe2 36.
Kg3 Qe5+ 37. Kf3 Qe2+ 38. Kf4 d2 39. Qc7+ Kf8 40. Qd8+ Kf7 41. Qd7+ Kf8 42. Qd8+ Kf7 43. Qc7+ Qe7 44. Qc4+ Qe6 45. Qc7+ Qe7 46. Qc4+ Qe6 47.
Qc7+ Qe7 1/2-1/2

[Event "*** Titled Tuesday Blitz"]
[Site "Chess.com"]
[Date "2020.01.07"]
[Round "9"]
[White "j2806"]
[Black "newauto"]
[Result "1-0"]
[WhiteElo "1878"]
[BlackElo "2039"]
[TimeControl "180+2"]
[EndTime "15:06:48 PST"]
[Termination "j2806 won by resignation"]

1. e4 c6 2. d4 d5 3. exd5 cxd5 4. Bd3 Nc6 5. c3 Nf6 6. h3 e5 7. dxe5 Nxe5 8. Nf3 Nxd3+ 9. Qxd3 Be7 10. O-O O-O 11. Bg5 h6 12. Bh4 Be6 13. Nbd2 Re8 14. Nd4 Rc8 15. Rfe1 Qd7 16. N2f3 Ne4 17. Bxe7 Qxe7 18. Nd2 Nxd2 19. Qxd2 Qc5 20. Nxe6 fxe6 21. Re5 Rc6 22.
Rae1 Qd6 23. Qe3 a6 24. Qg3 b5 25. Qe3 a5 26. f4 b4 27. cxb4 Qxb4 28. b3 Rf8 29.
Rxe6 Rc3 30. Qd2 Rxf4 31. Qxd5 Qd4+ 32. Qxd4 Rxd4 33. Ra6 a4 34. Rxa4 Rxa4 35. bxa4 Ra3 36. Ra1 Rxa4 37. Kf2 Kf7 38. Ke3 Ke6 39. Kd3 Kf5 40. Kc3 Kf4 41. Kb3 Ra8 42. a4 Kg3 43. Ra2 g5 44. a5 Rb8+ 45. Kc4 h5 46. a6 h4 47. a7 Ra8 48. Kb5 g4 49. hxg4 Kxg4 50.
Kb6 Kf4 51. Kb7 1-0

[Event "*** Titled Tuesday Blitz"]
[Site "Chess.com"]
[Date "2020.01.07"]
[Round "9"]
[White "adriangschnitzer"]
[Black "Bagirova"]
[Result "0-1"]
[WhiteElo "2476"]
[BlackElo "2135"]
[TimeControl "180+2"]
[EndTime "15:06:50 PST"]
[Termination "Bagirova won on time"]

1. c4 Nf6 2. Nc3 g6 3. e4 d6 4. d4 Bg7 5. Be2 O-O 6. Be3 c6 7. g4 Qc7 8. g5 Nfd7 9. Qd2 e5 10.
O-O-O exd4 11. Bxd4 Ne5 12. f4 c5 13. Nd5 Qd8 14.
Bxe5 dxe5 15. Nf3 exf4 16. Qxf4 Nd7 17. Qd6 Qa5 18. Kb1 Qb4 19. Nf6+ Kh8 20. Ne5 Nxe5 21. Qxe5 Be6 22. b3 b5 23. Rd3 bxc4 24. Rh3 Bxh3 25. Qg3 Be6 26. Qh4 Bxf6 27. gxf6 cxb3 28. Qh6 bxa2+ 29.
Kc2 Qxe4+ 30. Bd3 Qg2+ 31. Kc3 Rg8 32. Re1 Qf2 33. Re4 Qxf6+ 34. Kd2 a1=Q 35. Rh4 Qac3+ 0-1

[Event "*** Titled Tuesday Blitz"]
[Site "Chess.com"]
[Date "2020.01.07"]
[Round "9"]
[White "MathiasWomacka"]
[Black "Zavgorodniy_Serg"]
[Result "1-0"]
[WhiteElo "2398"]
[BlackElo "2598"]
[TimeControl "180+2"]
[EndTime "15:06:51 PST"]
[Termination "MathiasWomacka won by resignation"]

1. e4 e5 2. Nf3 d6 3. d4 exd4 4. Nxd4 Nf6 5. Nc3 Be7 6. Be2 O-O 7. O-O c6 8. Re1 Re8 9. Bf4 b5 10. Bf1 Bf8 11. Qd3 Qc7 12. Rad1 Nbd7 13. a3 a5 14.
f3 Ne5 15. Qd2 Nfd7 16. Nf5 b4 17. Nb1 d5 18. exd5 cxd5 19. Kh1 Bb7 20. Bb5 f6 21. axb4 axb4 22. c3 Kh8 23. cxb4 Qb6 24. Nc3 Bxb4 25.
Bxe5 Bxc3 26. Bxc3 Qxb5 27. Rxe8+ Rxe8 28. Nd6 1-0

[Event "*** Titled Tuesday Blitz"]
[Site "Chess.com"]
[Date "2020.01.07"]
[Round "9"]
[White "JMatias"]
[Black "Majkelopulos"]
[Result "1-0"]
[WhiteElo "2450"]
[BlackElo "2523"]
[TimeControl "180+2"]
[EndTime "15:06:52 PST"]
[Termination "JMatias won by resignation"]

1. e4 e5 2. Nf3 Nc6 3. Bc4 g6 4. O-O Bg7 5. d3 d6 6. a4 h6 7.
c3 Nge7 8. Nbd2 O-O 9. Re1 Kh7 10. b4 a6 11. Qb3 f5 12. Be6 f4 13. Bxc8 Qxc8 14.
h4 Qg4 15. Bb2 Bf6 16. b5 Na5 17. Qb4 b6 18. d4 Ng8 19. dxe5 dxe5 20. c4 Rfe8 21.
bxa6 Rxa6 22. c5 Qe6 23. cxb6 cxb6 24. Rac1 Ra7 25. Nc4 Nxc4 26. Rxc4 Rea8 27. Rec1 Ne7 28. Rc7 Rxa4 29. Qc3 R4a5 30. Qd3 R8a7 31. Rxa7 Rxa7 32.
Qd8 Rd7 33. Qe8 Qg8 34. Qxd7 1-0

[Event "*** Titled Tuesday Blitz"]
[Site "Chess.com"]
[Date "2020.01.07"]
[Round "9"]
[White "Jbd735"]
[Black "Marty435"]
[Result "1-0"]
[WhiteElo "2476"]
[BlackElo "2363"]
[TimeControl "180+2"]
[EndTime "15:06:54 PST"]
[Termination "Jbd735 won by checkmate"]

1. e4 c5 2. Nf3 g6 3. c3 Bg7 4. d4 cxd4 5. cxd4 d5 6. e5 Bg4 7.
Nc3 Nc6 8. Be3 e6 9. Nb5 Bf8 10.
Be2 Bxf3 11. Bxf3 a6 12. Nc3 Bb4 13. O-O Nge7 14. Rc1 Nf5 15. a3 Bxc3 16. Rxc3 O-O 17. Qd3 Qb6 18. Rd1 Rac8 19. b4 Na7 20. Rc5 Qd8 21. Bf4 Qd7 22. g4 Ne7 23. Bg5 b6 24.
Rxc8 Rxc8 25. Qxa6 Nec6 26. Qxb6 Rb8 27. Qc5 Nb5 28.
Be3 Nxa3 29. Ra1 Nb5 30. Rc1 Nba7 31. Bh6 Rxb4 32. Qf8# 1-0

[Event "*** Titled Tuesday Blitz"]
[Site "Chess.com"]
[Date "2020.01.07"]
[Round "9"]
[White "SirMittensofMittensville"]
[Black "TwentyHoursADay"]
[Result "1-0"]
[WhiteElo "2554"]
[BlackElo "2392"]
[TimeControl "180+2"]
[EndTime "15:06:57 PST"]
[Termination "SirMittensofMittensville won on time"]

1. e4 c5 2. c3 e6 3. d4 d5 4.
exd5 exd5 5. Nf3 Nc6 6. Bb5 Bd6 7. dxc5 Bxc5 8. O-O Ne7 9. Nbd2 O-O 10. Nb3 Bb6 11.
Re1 Nf5 12. Bd3 Be6 13. Bg5 Qd7 14. Bf4 Rfe8 15. Ne5 Nxe5 16. Bxe5 f6 17. Bf4 g5 18. Bd2 Nd6 19. Qf3 Kg7 20. Be3 Bxe3 21. Rxe3 Bf7 22. Rae1 Rxe3 23. Rxe3 Re8 24. Nd4 Re5 25. a3 Qe7 26. g3 Rxe3 27. Qxe3 Qxe3 28. fxe3 Nc4 29. Bxc4 dxc4 30. Kf2 Kg6 31. e4 h5 32. h4 Be8 33.
Ke3 Bd7 34. Kf3 f5 35. e5 b6 36. Ke3 Bc8 37. Nf3 1-0

[Event "*** Titled Tuesday Blitz"]
[Site "Chess.com"]
[Date "2020.01.07"]
[Round "9"]
[White "BilodeauA"]
[Black "MarcoRiehle"]
[Result "0-1"]
[WhiteElo "2825"]
[BlackElo "2703"]
[TimeControl "180+2"]
[EndTime "15:06:58 PST"]
[Termination "MarcoRiehle won by resignation"]

1. e4 e5 2. Nf3 Nf6 3. Nxe5 Nxe4 4. Nf3 d5 5. Nc3 Nc6 6. Bb5 Be6 7. O-O Bd6 8. Re1 Nxc3 9. dxc3 O-O 10. Ng5 Bf5 11.
Bd3 Bxd3 12. Qxd3 g6 13. Qh3 h5 14. Be3 Ne5 15. Nf3 Ng4 16. Rad1 Re8 17. Rd3 Qf6 18. Rxd5 Bxh2+ 19. Kf1 Bf4 20. Rd3 Bxe3 21. fxe3 Re4 22. Kg1 Rae8 23. Qg3 Qb6 24. Nd4 c5 25. Nf3 Qxb2 26.
Ng5 Qxc2 27. Rd7 Rxe3 28. Rxe3 Qc1+ 0-1

[Event "*** Titled Tuesday Blitz"]
[Site "Chess.com"]
[Date "2020.01.07"]
[Round "9"]
[White "tigra"]
[Black "MiroMiljkovic"]
[Result "1-0"]
[WhiteElo "2746"]
[BlackElo "2549"]
[TimeControl "180+2"]
[EndTime "15:07:05 PST"]
[Termination "tigra won by resignation"]

1. b4 c6 2. a4 d5 3. e3 Nf6 4. f4 g6 5. a5 Bg7 6. c3 O-O 7. Be2 Ne4 8. Nf3 Nd7 9. O-O e5 10.
f5 gxf5 11. c4 Nd6 12. c5 Ne4 13. Bb2 Ng5 14. Nh4 Nh3+ 15. gxh3 Qxh4 16. Rxf5 Nf6 17. Rxe5 Ne4 18. Bf3 Bxe5 19. Bxe5 Qg5+ 20. Bg3 Nxg3 21. hxg3 Qxg3+ 22. Bg2 Bxh3 23. Qf1 f5 24. Qf2 Qg7 25. Ra3 Bxg2 26. Qxg2 f4 27. Nc3 fxe3 28. dxe3 Rf3 29. Ne2 Re8 30. Qxg7+ Kxg7 31. Nd4 Rf6 32. a6 bxa6 33. Kg2 Ref8 34. Rxa6 Rg6+ 35. Kh1 Rf1+ 36. Kh2 Rf2+ 37. Kh3 Rf1 38. Kh2 Rff6 39. Rxa7+ Kh6 40. Rc7 Kg5 41. Kg3 h5 42. Rh7 h4+ 43. Rxh4 Rh6 44.
Rg4+ Kh5 45. Ne2 Rhg6 46. Nf4+ Kh6 47. Rxg6+ Rxg6+ 48. Nxg6 Kxg6 49. b5 cxb5 50. c6 1-0

[Event "*** Titled Tuesday Blitz"]
[Site "Chess.com"]
[Date "2020.01.07"]
[Round "9"]
[White "riconaipe"]
[Black "albano87"]
[Result "1-0"]
[WhiteElo "2571"]
[BlackElo "2117"]
[TimeControl "180+2"]
[EndTime "15:07:09 PST"]
[Termination "riconaipe won by resignation"]

1. e4 c5 2. Nf3 Nc6 3. Bb5 d6 4. O-O Bd7 5. Re1 Nf6 6. b3 a6 7. Bf1 g6 8. Bb2 Bg7 9. c4 Bg4 10. h3 Bxf3 11. Qxf3 Nd4 12. Bxd4 cxd4 13. d3 O-O 14. b4 a5 15. b5 Nd7 16. Nd2 a4 17. g3 Qa5 18. Red1 Qc3 19. e5 Nxe5 20. Qxb7 Nxd3 21. Ne4 Nc5 22. Nxc3 Nxb7 23. Nd5 e6 24. Nb6 Ra7 25. Bg2 Nc5 26. Rab1 Rb8 27. Na8 d5 28. cxd5 Rbxa8 29. dxe6 Rb8 30. exf7+ Kxf7 31. Rdc1 Bf8 32.
b6 Rd7 33. Rb5 d3 34. Bf3 d2 35. Rd1 Ne6 36. Bd5 Rbd8 37. Rxd2 Kf6 38. b7 Rb8 39.
Rb6 Rxd5 40. Rxd5 Kf7 41. Rd7+ Be7 42. Rc6 Nd8 43. Rcc7 Rxb7 44. Rxe7+ 1-0

[Event "*** Titled Tuesday Blitz"]
[Site "Chess.com"]
[Date "2020.01.07"]
[Round "9"]
[White "KRASAVCHIK2002"]
[Black "attack2mateU"]
[Result "1/2-1/2"]
[WhiteElo "2510"]
[BlackElo "2684"]
[TimeControl "180+2"]
[EndTime "15:07:11 PST"]
[Termination "Game drawn by repetition"]

1. e4 c5 2. Nf3 d6 3. d4 cxd4 4.
Nxd4 Nf6 5. Nc3 a6 6. a3 e6 7. g4 h6 8. Bg2 Nbd7 9. h4 Ne5 10. g5 hxg5 11. hxg5 Rxh1+ 12. Bxh1 Nfd7 13. f4 Nc6 14. Nde2 Qb6 15. Qd3 Be7 16. Be3 Nc5 17. Qd2 Qxb2 18. Ra2 Qb6 19. Ra1 Qa5 20. Kf2 Bd7 21. Bf3 O-O-O 22. a4 g6 23. Rb1 Nxa4 24. Nxa4 Qxa4 25. Nc3 Qa3 26. Rb3 Qa1 27. Rb1 Qa3 28. Rb3 Qa1 29. Rb1 Qa3 1/2-1/2

[Event "*** Titled Tuesday Blitz"]
[Site "Chess.com"]
[Date "2020.01.07"]
[Round "9"]
[White "Chessmatus"]
[Black "Sergey85Rodchenkov"]
[Result "1-0"]
[WhiteElo "2377"]
[BlackElo "2453"]
[TimeControl "180+2"]
[EndTime "15:07:13 PST"]
[Termination "Chessmatus won by checkmate"]

1. e4 c5 2. Nf3 e6 3. d4 cxd4 4. Nxd4 a6 5. Bd3 Qc7 6. O-O Nf6 7. Qe2 d6 8. c4 g6 9. Nc3 Bg7 10.
f4 O-O 11. Nf3 Nbd7 12. Be3 b6 13. f5 Bb7 14. Rac1 Rae8 15. Qd2 Ng4 16. Bf4 exf5 17.
exf5 Qc5+ 18. Kh1 Ne3 19. Rf2 Nxf5 20. Bxf5 Qxf5 21. Bxd6 Nc5 22. Bxf8 Bxc3 23. Qxc3 Rxf8 24. Rff1 Ne4 25. Qd4 Qg4 26. Rce1 Re8 27. Kg1 Re6 28.
Ne5 Qh4 29. Nxf7 Rf6 30. Nh6+ Qxh6 31. Rxf6 Qg5 32. Qd8+ Kg7 33. Qf8# 1-0

[Event "*** Titled Tuesday Blitz"]
[Site "Chess.com"]
[Date "2020.01.07"]
[Round "9"]
[White "norwaytoadog"]
[Black "mohssenbinaddi"]
[Result "1-0"]
[WhiteElo "2328"]
[BlackElo "2226"]
[TimeControl "180+2"]
[EndTime "15:07:15 PST"]
[Termination "norwaytoadog won by resignation"]

1. e4 e5 2. Nf3 Nc6 3. Bb5 Nf6 4. d3 Bc5 5. Bxc6 dxc6 6. Nbd2 O-O 7. Qe2 Re8 8. Nc4 Ng4 9. h3 Nxf2 10. Rh2 f5 11.
Bg5 Qd7 12. Bh4 fxe4 13. dxe4 Qf7 14. Bxf2 Bxf2+ 15. Kxf2 Be6 16. Ne3 Qf4 17. Nf1 Rad8 18. Kg1 b5 19. Qe3 Qf8 20. g4 Qb4 21. b3 h6 22. Rf2 Bf7 23. Ng3 Bg6 24. Raf1 a5 25.
Nh4 Bh7 26. Nhf5 Rd7 27. g5 hxg5 28. Qxg5 Bxf5 29. Rxf5 Qc5+ 30. Kg2 Qxc2+ 31. R1f2 Qd3 32. Qg6 Rde7 33. Rf7 Rxf7 34. Rxf7 1-0

[Event "*** Titled Tuesday Blitz"]
[Site "Chess.com"]
[Date "2020.01.07"]
[Round "9"]
[White "Gnechko_Ruslan"]
[Black "Rud_Makarian"]
[Result "0-1"]
[WhiteElo "2493"]
[BlackElo "2659"]
[TimeControl "180+2"]
[EndTime "15:07:16 PST"]
[Termination "Rud_Makarian won by resignation"]

1. d4 Nf6 2. Bf4 g6 3. e3 Bg7 4. h3 O-O 5. Nf3 b6 6. c4 Bb7 7.
Nc3 d5 8. Rc1 c6 9. Be2 dxc4 10.
Bxc4 Nbd7 11. O-O a6 12. Qe2 b5 13. Bb3 c5 14. dxc5 Nxc5 15. Rfd1 Qb6 16. Nd5 Nxd5 17. Bxd5 Rac8 18. Bxb7 Qxb7 19. Be5 Ne4 20. Bxg7 Kxg7 21. Nd4 Rxc1 22. Rxc1 Rc8 23. Rxc8 Qxc8 24. Qc2 Qxc2 25. Nxc2 Kf6 26. Kf1 Ke5 27. Ke2 Nd6 28. b3 a5 29.
Kd3 Kd5 30. f3 f5 31. g4 e5 32. gxf5 gxf5 33. e4+ fxe4+ 34. fxe4+ Kc5 35. a3 b4 36. axb4+ axb4 37. Ne3 Nb5 38. Nc4 Nd4 39. Nxe5 Nxb3 40. Nd7+ Kb5 41. Nf6 Nc5+ 42. Kd4 b3 43. Nd5 b2 44.
Nc3+ Kb4 45. Nb1 Ne6+ 46. Ke3 Kb3 47. e5 Kc2 48. Na3+ Kc1 49. Ke4 Nc7 50. Kf5 Nb5 51.
e6 Nxa3 52. e7 b1=Q+ 53. Kf6 Qg6+ 54. Ke5 Nc4+ 0-1

[Event "*** Titled Tuesday Blitz"]
[Site "Chess.com"]
[Date "2020.01.07"]
[Round "9"]
[White "aquaticpineapples"]
[Black "Ariadna_Atreides"]
[Result "1-0"]
[WhiteElo "2340"]
[BlackElo "2060"]
[TimeControl "180+2"]
[EndTime "15:07:17 PST"]
[Termination "aquaticpineapples won by checkmate"]

1. d4 e6 2. Nf3 c5 3. e3 Nf6 4. Bd3 Be7 5. b3 b6 6. Bb2 Bb7 7. Nbd2 O-O 8. O-O Nc6 9. a3 d6 10.
Qe2 Rc8 11. Rfe1 h6 12. e4 cxd4 13. Nxd4 Nxd4 14. Bxd4 e5 15. Bb2 Re8 16. Rac1 Bf8 17. Ba6 Bxa6 18. Qxa6 Qc7 19. Nc4 Nd7 20. a4 Nc5 21.
Qb5 Red8 22. Qb4 f6 23. Qd2 Qc6 24. Rcd1 Nxe4 25. Qd3 Nc5 26. Qg6 d5 27. Ne3 d4 28.
Nf5 Kh8 29. Bc1 Qe8 30. Qg4 Ne6 31. Rd3 Rxc2 32. Rg3 h5 33. Qd1 Rdc8 34. Bd2 Qc6 35. Qxh5+ Kg8 36. Nh6+ Kh8 37. Ng4+ Kg8 38. Nxf6# 1-0

[Event "*** Titled Tuesday Blitz"]
[Site "Chess.com"]
[Date "2020.01.07"]
[Round "9"]
[White "Mr_Sinigami"]
[Black "Gordima"]
[Result "0-1"]
[WhiteElo "2593"]
[BlackElo "2815"]
[TimeControl "180+2"]
[EndTime "15:07:18 PST"]
[Termination "Gordima won by checkmate"]

1. d4 d5 2. Nf3 Nf6 3. Bf4 c5 4. e3 Nc6 5. c3 e6 6. Nbd2 cxd4 7. exd4 Nh5 8. Bg3 Be7 9. Bd3 g6 10. O-O Nxg3 11. hxg3 O-O 12. Re1 f6 13. Nf1 Kg7 14. Bc2 b5 15. a3 Qd6 16. Ne3 Bd7 17. Qd3 Be8 18. g4 Rb8 19. g3 Bf7 20. Ng2 e5 21. dxe5 fxe5 22. Nfh4 e4 23. Qe2 Ne5 24. Rad1 Qf6 25.
Bb3 Bc5 26. Nf4 Rbe8 27. Bxd5 Nd3 28. Bxf7 Nxf4 29. gxf4 Qxh4 30. Bxe8 Qg3+ 31. Kf1 Rxf4 32. Rd7+ Kh8 33. Rf7 Bxf2 34. Qxf2 Qxf2# 0-1

[Event "*** Titled Tuesday Blitz"]
[Site "Chess.com"]
[Date "2020.01.07"]
[Round "9"]
[White "goldenspine"]
[Black "chess3054"]
[Result "0-1"]
[WhiteElo "2356"]
[BlackElo "2450"]
[TimeControl "180+2"]
[EndTime "15:07:19 PST"]
[Termination "chess3054 won on time"]

1. d4 e6 2. Nf3 f5 3. c4 Nf6 4. g3 d5 5. Bg2 c6 6. O-O Bd6 7. Qc2 O-O 8. b3 Qe7 9. Nc3 Ne4 10. Bf4 Bxf4 11. gxf4 Bd7 12. Ne5 Be8 13. e3 Nd7 14. Rad1 Bh5 15. Rde1 Kh8 16. Kh1 Rg8 17. f3 Nxc3 18.
Qxc3 g5 19. cxd5 exd5 20. e4 gxf4 21. exd5 Qg5 22. Rg1 Nxe5 23. dxe5 cxd5 24. Bh3 Qe7 25. e6+ Rg7 26. Re2 d4 27. Qd3 Rag8 28. Rxg7 Qxg7 29. Rg2 Qe5 30. Rxg8+ Kxg8 31. Bxf5 Bxf3+ 32. Qxf3 Qxf5 33. e7 Qe6 34. Qxb7 Kf7 0-1

[Event "*** Titled Tuesday Blitz"]
[Site "Chess.com"]
[Date "2020.01.07"]
[Round "9"]
[White "Yaacovn"]
[Black "DamianoLew95"]
[Result "1-0"]
[WhiteElo "2803"]
[BlackElo "2585"]
[TimeControl "180+2"]
[EndTime "15:07:22 PST"]
[Termination "Yaacovn won by resignation"]

1. d4 d5 2. Nf3 Nf6 3. e3 c6 4. Bd3 g6 5. Nbd2 Bg7 6. O-O O-O 7. h3 Nbd7 8. e4 dxe4 9. Nxe4 Nxe4 10. Bxe4 c5 11.
c3 cxd4 12. Nxd4 Nc5 13. Bc2 Ne6 14. Nf3 Qc7 15. Qe2 b6 16. Ng5 a5 17. Re1 Nxg5 18.
Bxg5 e6 19. Rad1 Bb7 20. Qe3 a4 21. a3 Ra5 22. Bf4 Qc6 23. f3 Ba6 24. Be4 Qb5 25.
Bd6 Qxb2 26. Bb4 Rh5 27. Qxb6 Rg5 28. f4 Bxc3 29. fxg5 Bc4 30. Qf2 Qb3 31. Rb1 Bxe1 32. Qxe1 Qa2 33. Bxf8 Kxf8 34. Ra1 Qb3 35. Qb4+ Kg7 36.
Qxb3 axb3 37. Rb1 f5 38. gxf6+ Kxf6 39. Bf3 Ke5 40. Bd1 Kd4 41. Bxb3 1-0

[Event "*** Titled Tuesday Blitz"]
[Site "Chess.com"]
[Date "2020.01.07"]
[Round "9"]
[White "BeanScreen"]
[Black "Lifeek"]
[Result "1-0"]
[WhiteElo "2394"]
[BlackElo "2252"]
[TimeControl "180+2"]
[EndTime "15:07:28 PST"]
[Termination "BeanScreen won by resignation"]

1. e4 c6 2. d4 d5 3. exd5 cxd5 4.
Bd3 Nc6 5. c3 g6 6. Bf4 Nf6 7.
Nd2 Bf5 8. Bxf5 gxf5 9. Ngf3 e6 10. O-O Bd6 11. Bg5 Be7 12. Bxf6 Bxf6 13. Re1 O-O 14. Ne5 Qc7 15. f4 Kh8 16. Qh5 Bxe5 17. fxe5 Rg8 18.
Nf3 Qe7 19. h4 Rg4 20. Ng5 Rxg5 21. Qxg5 Qxg5 22. hxg5 Rg8 23. Kf2 Rxg5 24. Re3 Kg7 25. Rg3 h6 26. Rxg5+ hxg5 27. g4 Kg6 28. Kf3 f6 29.
exf6 Kxf6 30. Rh1 Kg6 31. Rh8 e5 32. Rg8+ Kf6 33. Rf8+ Kg6 34. gxf5+ Kg7 35. Re8 exd4 36. cxd4 Nxd4+ 37. Kg4 Nc6 38. Kxg5 d4 39. Rc8 d3 40. Rc7+ Kf8 41. Rd7 Ne5 42. Rd5 d2 43. Kf6 Ng4+ 44. Ke6 1-0

[Event "*** Titled Tuesday Blitz"]
[Site "Chess.com"]
[Date "2020.01.07"]
[Round "9"]
[White "Misi_95"]
[Black "ehrenfeld"]
[Result "1-0"]
[WhiteElo "2715"]
[BlackElo "2548"]
[TimeControl "180+2"]
[EndTime "15:07:30 PST"]
[Termination "Misi_95 won on time"]

1. e4 e5 2. Nf3 Nc6 3. Bb5 a6 4. Ba4 Nf6 5. O-O Be7 6. Re1 b5 7. Bb3 d6 8. c3 O-O 9. h3 Na5 10. Bc2 c5 11. d4 Qc7 12. Nbd2 Bd7 13. d5 c4 14. Nf1 Nb7 15. g4 Nc5 16. Ng3 Ne8 17.
b4 cxb3 18. axb3 g6 19. Kh2 Ng7 20. Rg1 a5 21. Bh6 b4 22. Nh5 Nxh5 23. Bxf8 Bxf8 24. gxh5 bxc3 25. Ng5 Be8 26. Qf3 Na6 27. hxg6 hxg6 28.
Rg3 Nb4 29. Qxc3 Qd8 30. Bd3 Bh6 31. Rag1 Qf6 32. R1g2 Qf4 33. Kh1 Bd7 34. Bc4 Bxg5 35. Rxg5 Kg7 36. Qg3 Qxe4 37. Kh2 Rh8 38. Kg1 Rxh3 39.
Rxg6+ fxg6 40. Qg5 Qf5 41. Qe7+ Qf7 42. Qxd6 1-0

[Event "*** Titled Tuesday Blitz"]
[Site "Chess.com"]
[Date "2020.01.07"]
[Round "9"]
[White "novocane"]
[Black "Olga_Zhuravleva"]
[Result "1/2-1/2"]
[WhiteElo "2183"]
[BlackElo "2319"]
[TimeControl "180+2"]
[EndTime "15:07:31 PST"]
[Termination "Game drawn by repetition"]

1. d4 g6 2. c4 Bg7 3. Nc3 d6 4. e4 Nc6 5. Be3 e5 6. d5 Nce7 7. g4 h6 8. Bh3 Nf6 9. f3 O-O 10. Qd2 Kh7 11. g5 hxg5 12. Bxg5 Bxh3 13. Nxh3 Nh5 14.
O-O-O Qd7 15. Qg2 Ng8 16. Kb1 a6 17. Be3 c5 18. Ng5+ Kh8 19. h4 b5 20. Ne2 bxc4 21. Ng3 Ngf6 22. Bd2 Nxg3 23. Qxg3 Nh5 24. Qe1 Rab8 25.
Bc3 Kg8 26. Rh2 Bh6 27. Qg1 Qd8 28. Qg4 Qc8 29. Qg1 Rb7 30. Ne6 Re8 31. Qg4 Bf4 32.
Rg2 fxe6 33. Qxh5 Rg7 34. Rxg6 Re7 35. Rdg1 Qb7 36. dxe6 Be3 37. R1g2 Bd4 38. Bxd4 cxd4 39. Rxg7+ Rxg7 40. Qe8+ Kh7 41. Qh5+ Kg8 42. Qe8+ Kh7 43. Qh5+ Kg8 1/2-1/2

[Event "*** Titled Tuesday Blitz"]
[Site "Chess.com"]
[Date "2020.01.07"]
[Round "9"]
[White "ahachess"]
[Black "quesfr"]
[Result "1-0"]
[WhiteElo "2252"]
[BlackElo "2200"]
[TimeControl "180+2"]
[EndTime "15:07:32 PST"]
[Termination "ahachess won on time"]

1. d4 d5 2. c4 e6 3. g3 Nf6 4.
Bg2 Bb4+ 5. Bd2 Bd6 6. Nf3 c6 7. Qc2 Nbd7 8. O-O O-O 9. b3 Ne4 10. Bc3 Nxc3 11. Nxc3 f5 12. e3 Qe7 13. Rad1 b6 14.
Rfe1 Ba6 15. Ne2 Rac8 16. Nf4 dxc4 17. bxc4 e5 18. dxe5 Nxe5 19. Nxe5 Bxe5 20. Qa4 Qb7 21. Ne6 Rfe8 22. Nd4 Bxd4 23. exd4 b5 24. Qa5 bxc4 25.
Qxf5 c3 26. d5 Qb5 27. Be4 g6 28. Qg5 Qc4 29. Bxg6 hxg6 30. Qxg6+ Kf8 31. Re6 1-0

[Event "*** Titled Tuesday Blitz"]
[Site "Chess.com"]
[Date "2020.01.07"]
[Round "9"]
[White "StephenDedalus83"]
[Black "nubair1198"]
[Result "0-1"]
[WhiteElo "2734"]
[BlackElo "2930"]
[TimeControl "180+2"]
[EndTime "15:07:36 PST"]
[Termination "nubair1198 won by checkmate"]

1. g3 d5 2. Bg2 Nf6 3. d3 g6 4. Nd2 Bg7 5. e4 e5 6. Ngf3 Nc6 7. O-O O-O 8. b3 Re8 9. Bb2 d4 10. a4 Be6 11. Nc4 Nd7 12. Nfd2 a6 13. f4 f6 14. a5 Bf8 15. f5 Bf7 16. h4 Bb4 17. g4 b5 18.
axb6 cxb6 19. Nf3 b5 20. Ncd2 Bc3 21. Rb1 g5 22. hxg5 fxg5 23. Rf2 Bxb2 24. Rxb2 a5 25. Nb1 h6 26. Bf1 Nf6 27. Rg2 Qd6 28. Qc1 Kf8 29. Be2 a4 30. bxa4 bxa4 31. Rb6 Reb8 32. Rxb8+ Rxb8 33. Na3 Qb4 34. Nxg5 hxg5 35. Qxg5 Ng8 36.
Nc4 Qe1+ 37. Kh2 Bxc4 38. dxc4 a3 39. f6 Rb7 40. Qf5 Qh4+ 41. Kg1 Rb1+ 42. Bf1 a2 43. Qc8+ Kf7 44. Qd7+ Nge7 45. fxe7 Rxf1+ 46. Kxf1 a1=Q+ 47. Ke2 Qhe1+ 48. Kd3 Qe3# 0-1

[Event "*** Titled Tuesday Blitz"]
[Site "Chess.com"]
[Date "2020.01.07"]
[Round "9"]
[White "Szczor"]
[Black "TheBigBoss04"]
[Result "0-1"]
[WhiteElo "2595"]
[BlackElo "2722"]
[TimeControl "180+2"]
[EndTime "15:07:36 PST"]
[Termination "TheBigBoss04 won by checkmate"]

1. e4 g6 2. d4 Bg7 3. Nc3 d6 4. Be3 a6 5. f3 b5 6. Qd2 Bb7 7. h4 Nf6 8. Bh6 Bxh6 9. Qxh6 b4 10. Nce2 c5 11. d5 Nbd7 12. Nh3 c4 13. Nhf4 Ne5 14. h5 Rg8 15. hxg6 hxg6 16. c3 a5 17.
Nd4 Qb6 18. O-O-O bxc3 19. bxc3 Rb8 20. Be2 Bxd5 21. Kd2 Bxe4 22. fxe4 Qb2+ 23. Ke1 Qxc3+ 24. Kf1 Nxe4 25. Qh3 Nd2+ 26. Rxd2 Qxd2 27. Nde6 fxe6 28. g3 Rb1+ 29. Kg2 Rxh1 30. Qxh1 Kf7 31. Qh7+ Rg7 32.
Qh3 Ke8 33. Qh8+ Kf7 34. Qh3 Ke8 35. Qh8+ Kd7 36. Qxg7 c3 37. Qg8 c2 38. Qxe6+ Kd8 39.
Qg8+ Kc7 40. Nd5+ Kb7 41. Kh3 c1=Q 42. Ba6+ Ka7 43. Nxe7 Qh1# 0-1

[Event "*** Titled Tuesday Blitz"]
[Site "Chess.com"]
[Date "2020.01.07"]
[Round "9"]
[White "chesstatour"]
[Black "boasovietica"]
[Result "0-1"]
[WhiteElo "1993"]
[BlackElo "2447"]
[TimeControl "180+2"]
[EndTime "15:07:36 PST"]
[Termination "boasovietica won by checkmate"]

1. c4 e6 2. Nc3 f5 3. g3 Nf6 4. Bg2 Be7 5. d4 d5 6. Nf3 c6 7. O-O O-O 8. b3 Qe8 9. Bb2 Qh5 10. Ne5 Nbd7 11. e3 Qh6 12. Nxd7 Bxd7 13. Qe2 Be8 14. f3 g5 15. e4 dxe4 16. fxe4 f4 17.
gxf4 gxf4 18. Bf3 Kh8 19. Kh1 Bh5 20. d5 e5 21. Nd1 Bxf3+ 22. Qxf3 Nh5 23. Bxe5+ Bf6 24.
Bxf6+ Rxf6 25. e5 Rg6 26. Rg1 Rag8 27. Nc3 Ng3+ 28. Kg2 Nf1+ 29. Kf2 Qxh2+ 30. Kxf1 Rxg1# 0-1